 Dungeon Crawl Stone Soup version 0.25-a0-413-g3b4b6a4ccc (webtiles) character file.

Game seed: 2100573078496413027, levelgen mode: deterministic

0 MrRokkomies the Ducker (level 1, 0/11 HPs)
             Began as a Spriggan Abyssal Knight on Jan 17, 2020.
             Was a Follower of Lugonu.
             Killed by divine providence
             ... invoked by a smoke demon
              (11 damage)
             ... on level 3 of the Abyss.
             The game lasted 00:00:34 (198 turns).

MrRokkomies the Ducker (Spriggan Abyssal Knight)     Turns: 198, Time: 00:00:34

Health: 0/11       AC:  2    Str:  8    XL:     1   Next: 0%
Magic:  3/3        EV: 18    Int: 13    God:    Lugonu [*.....]
Gold:   64         SH:  0    Dex: 15    Spells: 0/0 levels left

rFire    . . .     SeeInvis +   a - +1 short sword
rCold    . . .     Gourm    .   (shield restricted)
rNeg     . . .     Faith    .   b - +0 robe
rPois    .         Spirit   .   (helmet restricted)
rElec    .         Reflect  .   (no cloak)
rCorr    .         Harm     .   (gloves unavailable)
MR       .....                  (boots unavailable)
Stlth    +.........             e - amulet of regeneration
HPRegen  0.43/turn              (no ring)
MPRegen  0.08/turn              (no ring)

@: very quick
A: very small, unfitting armour, see invisible, herbivore, speed 3, slow
metabolism 2
a: Depart the Abyss, Renounce Religion


You were on level 3 of the Abyss.
You worshipped Lugonu.
Lugonu was aware of your devotion.
You were not hungry.

You visited 0 branches of the dungeon, and saw 0 of its levels.
You visited the Abyss 1 time.

You collected 64 gold pieces.

Inventory:

Hand Weapons
 a - a +1 short sword (weapon)
Armour
 b - a +0 robe (worn)
Jewellery
 e - an amulet of regeneration (around neck)
Scrolls
 d - a scroll of identify {unknown}
 g - a scroll of fog {unknown}
Potions
 f - a potion of cancellation {unknown}
Comestibles
 c - a ration


   Skills:
 + Level 2.4 Fighting
 + Level 2.1 Short Blades
 + Level 3.5 Dodging
 + Level 1.7 Invocations


You couldn't memorise any spells.
You didn't know any spells.
Your spell library was empty.

Dungeon Overview and Level Annotations

Branches:
Dungeon (0/15)

Altars:


Innate Abilities, Weirdness & Mutations

You are very small and have problems with some larger weapons.
You are too small for most types of armour.
You have supernaturally acute eyesight. (SInv)
You are a herbivore.
You cover ground extremely quickly.
You need to consume almost no food.


Message History

There is a gateway leading deeper into the Abyss here.
You plunge deeper into the Abyss.
The abyssal rune of Zot can be found at this depth.
Found 2 large rocks.
Found a hand axe.
Found a pair of gloves.
You now have 29 gold pieces (gained 19).
A smoke demon comes into view.
You see here a hand axe.
Found 35 gold pieces and 20 arrows.
You now have 64 gold pieces (gained 35).
A necromancer comes into view. It is wielding a +0 dagger.
The necromancer shouts!
A small abomination comes into view.
A smoke demon comes into view.
The smoke demon roars!
Found a scroll labeled MESUSU KAOLO.
The smoke demon gestures at you. Something smites you!
Ouch! That really hurt!
You die...

..#...#....#......
#.##..#..#.#.#....
###......##.....#..
#.#..#.#.#..#.#...##
##.##.#......#.....#
#.#.#.....#..##....
#.....#......#≈≈#..
##.........≈#≈≈ ..
#.#..@..#.#≈x##.≈
#p.....#.#.#≈≈# .≈≈
.3..#...##....≈ ≈≈
#§# ###... ###≈≈≈≈ §
#..##. . #... # #...
.#..?


You could see a necromancer and a smoke demon.

Vanquished Creatures (others)
  A chaos spawn (Abyss:3)
1 creature vanquished.

Notes
Turn   | Place    | Note
-------+----------+-------------------------------------------
     0 | Abyss:1  | MrRokkomies the Spriggan Abyssal Knight began the quest for
                  | the Orb.
     0 | Abyss:1  | Reached XP level 1. HP: 11/11 MP: 3/3
   107 | Abyss:1  | Noticed a demonic crawler
   107 | Abyss:1  | Noticed a spatial vortex
   110 | Abyss:1  | Noticed a spatial vortex
   113 | Abyss:1  | Noticed a spatial vortex
   115 | Abyss:1  | Noticed a spatial vortex
   118 | Abyss:1  | Noticed a spatial maelstrom
   120 | Abyss:1  | Noticed a spatial vortex
   121 | Abyss:1  | Noticed a spatial vortex
   163 | Abyss:3  | Noticed a smoke demon
   196 | Abyss:3  | Noticed a necromancer
   196 | Abyss:3  | Noticed a small abomination
   196 | Abyss:3  | Noticed a smoke demon
   198 | Abyss:3  | Killed from afar by a smoke demon

Levels and vault maps discovered:
Abyss:3:  due_evilmike_abyss_rune_seething_liches, minivault_25_ag,
          minivault_24, kilobyte_mutagenic_chamber

Table legend:
 A = Non-vault XP
 B = Vault XP
 C = Vault XP percentage of total XP
 D = Non-vault monster count
 E = Vault monster count
 F = Vault count percentage of total count
                 A         B        C        D         E       F
            +---------+---------+-------+---------+---------+-------
      Total |       0 |       0 |   N/A |       0 |       0 |  -nan
            +---------+---------+-------+---------+---------+-------
            +---------+---------+-------+---------+---------+-------
